 Dungeon Crawl Stone Soup version 0.31-a0-986-g5e6e4ef867 (webtiles) character file.

Game seed: 262040317251469129

5117 Sanktem7 the Cleaver (level 10, -13/90 HPs)
             Began as a Minotaur Fighter on Nov 9, 2023.
             Was an Elder of Okawaru.
             Mangled by Erolcha
             ... wielding a +0 giant spiked club
              (15 damage)
             ... on level 9 of the Dungeon.
             The game lasted 00:13:43 (9841 turns).

Sanktem7 the Cleaver (Minotaur Fighter)             Turns: 9841, Time: 00:13:44

Health: -13/90     AC: 14    Str: 26    XL:     10   Next: 32%
Magic:  9/9        EV:  8    Int:  5    God:    Okawaru [****..]
Gold:   608        SH:  5    Dex:  9    Spells: 9/9 levels left

rFire   . . .        a - +0 war axe (venom) {axe}
rCold   . . .        c - +0 buckler
rNeg    . . .        t - +0 chain mail
rPois   .            (helmet restricted)
rElec   .            E - +1 cloak
rCorr   .            o - +0 pair of gloves
SInv    .            (no boots)
Will    +....        n - amulet of the acrobat Stlth
                     q - ring of willpower
HPRegen 0.35/turn    (no ring)
MPRegen 0.11/turn

%: acrobat
@: no status effects
A: horns 2, retaliatory headbutt
a: Renounce Religion, Heroism, Finesse


You were on level 9 of the Dungeon.
You worshipped Okawaru.
Okawaru was greatly pleased with you.
You visited 1 branch of the dungeon, and saw 9 of its levels.

You collected 608 gold pieces.


Innate Abilities, Weirdness & Mutations

You have a pair of horns on your head.
You reflexively headbutt those who attack you in melee.


   Skills:
 + Level 8.4 Fighting
 * Level 11.0 Axes
 + Level 6.0 Throwing
 + Level 8.3 Armour
 + Level 8.2 Shields


You had 9 spell levels left.
You didn't know any spells.
Your spell library contained the following spells:

 Spells                   Type           Power      Damage    Failure   Level
 Necrotise                Necr           0%         1d4       94%         1
 Slow                     Hex            0%         N/A       94%         1
 Lesser Beckoning         Tloc           0%         N/A       98%         2
 Static Discharge         Conj/Air       0%         3-3/arc   98%         2
 Confusing Touch          Hex            0%         N/A       100%        3
 Gell's Gravitas          Tloc           0%         N/A       100%        3
 Inner Flame              Hex/Fire       0%         N/A       100%        3
 Sigil of Binding         Hex            0%         N/A       100%        3
 Teleport Other           Tloc           0%         N/A       100%        3
 Vampiric Draining        Necr           0%         2d6       100%        3
 Airstrike                Air            0%         2d(0-16)  100%        4
 Dimensional Bullseye     Hex/Tloc       0%         N/A       100%        4
 Flame Wave               Conj/Fire      0%         2d4       100%        4
 Leda's Liquefaction      Hex/Erth       0%         N/A       100%        4
 Sticky Flame             Conj/Fire      0%         2d3       100%        4
 Agony                    Necr           0%         N/A       100%        5
 Call Canine Familiar     Summ           Unusable   N/A       N/A         3
 Summon Lightning Spire   Summ/Air       Unusable   N/A       N/A         4

Inventory:

Hand Weapons
 a - a +0 war axe of venom (weapon) {axe}
 C - the +3 hammer "Wauwa" {venom, Str-5 Dex+5 Stlth+}
   (You found it on level 5 of the Dungeon)

   Str-5:     It affects your strength (-5).
   Dex+5:     It affects your dexterity (+5).
   Stlth+:    It makes you more stealthy.
Missiles
 e - 80 stones {throwing}
 r - 15 poisoned darts {throwing}
 s - 3 darts of dispersal {=f!fthrowing}
 v - a curare-tipped dart {=fthrowing}
 y - 9 boomerangs (quivered) {throwing}
Armour
 c - a +0 buckler (worn)
 o - a +0 pair of gloves (worn)
   (You found it on level 8 of the Dungeon)
 t - a +0 chain mail (worn)
   (You took it off an orc priest on level 3 of the Dungeon)
 E - a +1 cloak (worn)
   (You took it off Crazy Yiuf on level 5 of the Dungeon)
Jewellery
 k - a ring of resist corrosion
   (You found it on level 8 of the Dungeon)
 n - an amulet of the acrobat (around neck)
   (You found it on level 3 of the Dungeon)
 q - a ring of willpower (left hand)
   (You found it on level 3 of the Dungeon)
Wands
 g - a wand of roots (9)
   (You took it off Maurice on level 8 of the Dungeon)
 x - a wand of charming (14)
   (You found it on level 5 of the Dungeon)
 H - a wand of flame (5)
   (You found it on level 6 of the Dungeon)
 J - a wand of polymorph (14)
   (You found it on level 6 of the Dungeon)
Scrolls
 f - a scroll of revelation
 j - 2 scrolls of identify {@r1}
 l - 5 scrolls of teleportation {@r4}
 m - 2 scrolls of vulnerability {!r!r}
 K - 3 scrolls of blinking {!r}
Potions
 b - a potion of cancellation
 d - a potion of might
 h - a potion of invisibility {unknown}
 i - 3 potions of lignification {unknown}
 p - 4 potions of degeneration {!q@e2}
 u - 2 potions of curing {@q1}
 A - a potion of mutation {!q}
 B - a potion of berserk rage {unknown}
 D - a potion of brilliance {unknown}
 L - a potion of attraction {unknown}

Dungeon Overview and Level Annotations

Branches:
Dungeon (9/15) Zot: 26774  Temple (0/1) D:7            Lair (0/5) D:8
    Orc: D:9-12

Altars:
Hepliaklqana
Okawaru
Uskayaw

Shops:
D:4 :

Annotations:
D:8 2 transporters
D:9 Erolcha, Harold

#..####..### ##..)###..#
#..#......#
#.#.......########
#.#.###......#..^##
#.#.# ###.........#
#...# #...........
#..#####..)........
#.@...##...........
......o{{...##.........#
.......@.....##...#...##
.............##########
.............#
.............#
.............#
............##


You could see Harold and an orc.


Message History

You hit the two-headed ogre. You headbutt the two-headed ogre.
You slash the two-headed ogre!
The two-headed ogre looks as sick as possible!
You headbutt the two-headed ogre.
The two-headed ogre hits you with a +0 giant spiked club!
The two-headed ogre hits you with a +0 dire flail! 😮 HP[-24]
You take 24 damage, and now have 63/87 hp.
MASSIVE DAMAGE!! (PAUSE)
You hit the two-headed ogre.
The two-headed ogre looks as sick as possible!
The two-headed ogre hits you with a +0 giant spiked club!
The two-headed ogre hits you with a +0 dire flail. 😮 HP[-13]
You take 13 damage, and now have 50/87 hp.
You completely miss the two-headed ogre.
You kill the two-headed ogre!
Okawaru is honoured by your kill.
Your life force feels restored.
Your Axes skill increases to level 11!
Your Throwing skill increases to level 6! 😮 HP[+1]
You now have 90 max hp (+3).
Things that are here:
a +0 giant spiked club {mace}; a +0 dire flail {mace} Key pressed, stopping explore.
You now have 608 gold pieces (gained 16).
Key pressed, stopping explore.
Erolcha, an orc and an orc wizard come into view.
The orc shouts!
The orc wizard shouts!
Erolcha casts a spell at you. You resist with almost no effort.
The orc wizard gestures wildly while chanting.
The orc wizard flickers and vanishes!
Deactivating autopickup; reactivate with Ctrl-A.
An orc comes into view. It is wielding a +0 club. 😎 HP[+39]
Your hp is fully restored (90).
An orc wizard and an orc come into view.
The orc wizard shouts!
The orc shouts!
The orc throws a boomerang.
You block the boomerang.
Harold the Weathered comes into view.
He is wielding a +0 trident.
The orc throws a boomerang.
The boomerang misses you.
You hit the orc.
The orc is poisoned.
Harold says, "Let's make it quick, okay?
I've got mouths to feed."
The orc hits you but does no damage.
You barely miss the orc. Your headbutt misses the orc. You barely miss Erolcha.
The orc wizard mumbles some strange words.
The orc wizard flickers and vanishes!
Erolcha hits you with a +0 giant spiked club!
The orc barely misses you. 😕 HP[-10]
You take 10 damage, and now have 80/90 hp.
You barely miss Erolcha. You headbutt Erolcha! You slash the orc!
You kill the orc!
Okawaru accepts your kill.
Erolcha hits you with a +0 giant spiked club! 😕 HP[-11]
You take 11 damage, and now have 69/90 hp.
You slash Erolcha!
Erolcha looks as sick as possible!
You headbutt Erolcha.
A magic dart appears from out of thin air!
The magic dart hits you.
Harold throws a throwing net.
The throwing net hits you.
You become entangled in the net! 😮 HP[-2]
You take 2 damage, and now have 67/90 hp.
You struggle against the net.
Erolcha hits you with a +0 giant spiked club!
Harold hits you from afar with a +0 trident!
* * * LOW HITPOINT WARNING * * *
😨 HP[-25]
You take 25 damage, and now have 42/90 hp.
MASSIVE DAMAGE!! (PAUSE)
You struggle against the net.
Harold hits you from afar with a +0 trident.
* * * LOW HITPOINT WARNING * * *
Something hits you.
* * * LOW HITPOINT WARNING * * *
Erolcha hits you with a +0 giant spiked club!!
* * * LOW HITPOINT WARNING * * *
😱 HP[-24]
You take 24 damage, and now have 18/90 hp.
MASSIVE DAMAGE!! (PAUSE)
You shred the net and break free! Harold closely misses you. 😱 HP[+1]
You hit Erolcha but do no damage. You slash the orc!
You kill the orc!
Okawaru accepts your kill.
You barely miss something.
Erolcha roars.
Erolcha gestures wildly while chanting.
Erolcha flickers and vanishes!
Harold hits you from afar with a +0 trident!
* * * LOW HITPOINT WARNING * * *
😱 HP[-17]
You take 17 damage, and now have 2/90 hp.
You slash something! Your headbutt misses something. You slash something!
You barely miss the orc. Something completely misses you. Something hits you!
You die...

Skill      XL: |  1  2  3  4  5  6  7  8  9 10 |
---------------+-------------------------------+-----
Axes           | 3 4 5 6 7 8 10 11 | 11.0
Armour         | 4 5 6 7 8 |  8.3
Fighting       | 4 5 6 8 |  8.4
Shields        | 4 5 6 7 8 |  8.2
Throwing       | 1 2 3 4 5 6 |  6.0

Action                     |  1- 3 |  4- 6 |  7- 9 | 10-12 || total
---------------------------+-------+-------+-------+-------++-------
  Melee: War axe           |    54 |   110 |   258 |    78 ||   500
         Headbutt          |     6 |    19 |    44 |    15 ||    84
  Throw: Boomerang         |       |       |    13 |       ||    13
    Use: Scroll            |       |       |    16 |       ||    16
 Armour: Scale mail        |    31 |    58 |       |       ||    89
         Chain mail        |       |    28 |   254 |    55 ||   337
  Dodge: Dodged            |    24 |    63 |   122 |    34 ||   243
  Block: Buckler           |    14 |    18 |    62 |    16 ||   110

Levels and vault maps discovered:
D:1:      dpeg_arrival_arbitrary_a, layout_basic
D:2:      kennysheep_the_goblin_king, layout_basic,
          shapermc_ecumenical_altar_pompeii
D:3:      layout_loops_cross, minmay_puff
D:4:      layout_layer_cave, serial_shops, nicolae_shop_hallway_stairs
D:5:      layout_layer_cave, mainiacjoe_overflow_catwalk_spiral,
          uniq_blork_the_orc, uniq_grinder, uniq_crazy_yiuf_cottage
D:6:      layout_rooms, kennysheep_generic_room_16
D:7:      nicolae_whirlpool, layout_loops_corners, minmay_temple_entry_trees,
          uniq_joseph
D:8:      layout_basic, gammafunk_temple_overflow_arena, erik_lair_island,
          uniq_maurice
D:9:      layout_rooms, uniq_erolcha, uniq_harold, uniq_prince_ribbit1

Notes
Turn   | Place    | Note
-------+----------+-------------------------------------------
     0 | D:1      | Sanktem7 the Minotaur Fighter began the quest for the Orb.
     0 | D:1      | Reached XP level 1. HP: 19/19 MP: 0/0
     0 | D:1      | magus.rc [v1.9.6]
   192 | D:1      | Reached XP level 2. HP: 27/27 MP: 1/1
   318 | D:1      | Reached skill level 3 in Axes
  1027 | D:2      | Reached skill level 4 in Armour
  1029 | D:2      | Reached skill level 4 in Fighting
  1029 | D:2      | Reached skill level 4 in Shields
  1029 | D:2      | Reached XP level 3. HP: 33/33 MP: 2/2
  1285 | D:2      | Reached XP level 4. HP: 40/40 MP: 3/3
  1294 | D:2      | Reached skill level 4 in Axes
  1295 | D:2      | Reached skill level 1 in Throwing
  1529 | D:2      | Found a faded altar of an unknown god.
  1756 | D:3      | Reached XP level 5. HP: 40/47 MP: 4/4
  2129 | D:3      | You pick up a book of the Hunter and begin reading...
  2129 | D:3      | You add the spells Sigil of Binding, Call Canine Familiar,
                  | Dimensional Bullseye and Leda's Liquefaction to your
                  | library.
  2536 | D:3      | Reached skill level 5 in Axes
  2536 | D:3      | Reached XP level 6. HP: 36/53 MP: 5/5
  2629 | D:3      | HP: 13/53 [orc priest/+3 dagger (2)]
  2938 | D:4      | Reached skill level 2 in Throwing
  2997 | D:4      | You pick up a book of Storms and begin reading...
  2997 | D:4      | You add the spells Static Discharge, Airstrike and Summon
                  | Lightning Spire to your library.
  3003 | D:4      | Found Ciapnu Ubei's Book Shop.
  3136 | D:4      | Reached skill level 5 in Fighting
  3136 | D:4      | Reached skill level 5 in Armour
  3231 | D:4      | HP: 14/56 [white imp/puff of frost (4)]
  3395 | D:4      | Reached skill level 5 in Shields
  3401 | D:4      | Reached skill level 6 in Axes
  3401 | D:4      | Reached XP level 7. HP: 22/61 MP: 6/6
  4064 | D:5      | Entered Level 5 of the Dungeon
  4137 | D:5      | Identified the +2 long sword of the Grand God {freeze,
                  | rPois Int+3}
  4210 | D:5      | Found an iron altar of Okawaru.
  4217 | D:5      | Found a hide-covered altar of Uskayaw.
  4324 | D:5      | Became a worshipper of Warmaster Okawaru
  4467 | D:5      | Reached skill level 3 in Throwing
  4592 | D:5      | Noticed Blork the orc
  4601 | D:5      | Killed Blork the orc
  4602 | D:5      | Reached skill level 7 in Axes
  4602 | D:5      | Reached XP level 8. HP: 70/70 MP: 7/7
  4610 | D:5      | Reached * piety under Okawaru
  4611 | D:5      | Reached skill level 6 in Fighting
  4611 | D:5      | Reached skill level 6 in Armour
  4787 | D:5      | Noticed Grinder
  4797 | D:5      | Paralysed by Grinder for 5 turns
  4803 | D:5      | Killed Grinder
  4804 | D:5      | Reached skill level 6 in Shields
  5434 | D:5      | Identified the +3 hammer "Wauwa" {venom, Str-5 Dex+5
                  | Stlth+}
  5439 | D:5      | Found a runed translucent door.
  5440 | D:5      | Noticed Crazy Yiuf
  5447 | D:5      | Killed Crazy Yiuf
  5628 | D:6      | magus.rc [v1.9.6]
  5638 | D:6      | Reached skill level 8 in Axes
  5640 | D:6      | Reached skill level 4 in Throwing
  5665 | D:6      | You pick up a book of Necromancy and begin reading...
  5665 | D:6      | You add the spells Necrotise, Vampiric Draining and Agony
                  | to your library.
  6029 | D:6      | Reached ** piety under Okawaru
  6342 | D:7      | Reached XP level 9. HP: 78/78 MP: 8/8
  6700 | D:7      | Found a staircase to the Ecumenical Temple.
  6709 | D:7      | Reached skill level 7 in Fighting
  6946 | D:7      | Reached skill level 7 in Armour
  6975 | D:7      | Reached skill level 9 in Axes
  7016 | D:7      | You pick up a book of Flames and begin reading...
  7016 | D:7      | You add the spells Inner Flame, Sticky Flame and Flame Wave
                  | to your library.
  7184 | D:7      | Noticed Joseph
  7196 | D:7      | HP: 19/79 [Joseph/+0 quarterstaff (4)]
  7198 | D:7      | HP: 9/79 [Joseph/+0 quarterstaff (6)]
  7201 | D:7      | Killed Joseph
  7202 | D:7      | Reached skill level 7 in Shields
  7529 | D:7      | Reached *** piety under Okawaru
  7530 | D:7      | Reached skill level 5 in Throwing
  7917 | D:8      | Noticed Maurice
  7940 | D:8      | Noticed a troll
  7953 | D:8      | Killed a troll
  7954 | D:8      | Reached skill level 10 in Axes
  8086 | D:8      | Something stole the +3 hammer "Wauwa" {venom, Str-5 Dex+5
                  | Stlth+}
  8091 | D:8      | Found a staircase to the Lair.
  8093 | D:8      | Something stole 6 poisoned darts {throwing}
  8278 | D:8      | Maurice stole 370 gold
  8280 | D:8      | Maurice stole 69 gold
  8281 | D:8      | Killed Maurice
  8476 | D:8      | Found a hazy altar of Hepliaklqana.
  8490 | D:8      | Noticed a green ugly thing
  8515 | D:8      | Reached skill level 8 in Fighting
  8575 | D:8      | Reached XP level 10. HP: 88/88 MP: 9/9
  8643 | D:8      | You pick up a book of Displacement and begin reading...
  8643 | D:8      | You add the spells Lesser Beckoning, Gell's Gravitas and
                  | Teleport Other to your library.
  8655 | D:8      | You pick up a book of Debilitation and begin reading...
  8655 | D:8      | You add the spells Slow and Confusing Touch to your
                  | library.
  8734 | D:8      | Noticed a white ugly thing
  8735 | D:8      | Noticed a cyan ugly thing
  8736 | D:8      | Found a transporter.
  8875 | D:8      | Reached skill level 8 in Armour
  8906 | D:8      | Found a transporter.
  8980 | D:8      | Reached **** piety under Okawaru
  9199 | D:8      | Reached skill level 8 in Shields
  9688 | D:9      | Noticed a two-headed ogre
  9697 | D:9      | Killed a two-headed ogre
  9698 | D:9      | Reached skill level 11 in Axes
  9698 | D:9      | Reached skill level 6 in Throwing
  9830 | D:9      | Noticed Erolcha
  9831 | D:9      | Noticed Harold
  9838 | D:9      | HP: 18/90 [Erolcha/+0 giant spiked club (19)]
  9840 | D:9      | HP: 2/90 [Harold/+0 trident (17)]
  9841 | D:9      | Mangled by Erolcha

Vanquished Creatures
  A two-headed ogre (D:9)
  Maurice (D:8)
  Joseph (D:7)
  A troll (D:8)
  Grinder (D:5)
  4 water moccasins
  2 orc warriors
  An ice beast (D:7)
  3 ogres
  2 black bears
  A sky beast (D:7)
  4 centaurs
  A wolf (D:8)
  Blork the orc (D:5)
  2 kobold brigands (D:8)
  2 bullfrogs
  2 scorpions (D:6)
  5 wights (D:8)
  A howler monkey (D:4)
  An electric eel (D:8)
  Crazy Yiuf (D:5)
  12 hounds
  4 orc priests (D:3)
  3 sleepcaps
  5 iguanas
  6 orc wizards
  3 gnolls (D:2)
  11 adders
  3 shadow imps
  2 white imps
  3 worms
  3 dart slugs
  30 orcs
  8 ball pythons
  6 endoplasms
  5 giant cockroaches
  7 goblins
  5 hobgoblins
  5 jackals
  16 kobolds
  3 quokkas
  7 bats
  A frilled lizard (D:1)
  2 rats (D:2)
188 creatures vanquished.

Table legend:
 A = Non-vault XP
 B = Vault XP
 C = Vault XP percentage of total XP
 D = Non-vault monster count
 E = Vault monster count
 F = Vault count percentage of total count
                 A         B        C        D         E       F
            +---------+---------+-------+---------+---------+-------
      Total |    5123 |    2187 |  29.9 |     159 |      29 |  15.4
            +---------+---------+-------+---------+---------+-------
        D:1 |      37 |       0 |   0.0 |      20 |       0 |   0.0
        D:2 |     120 |      13 |   9.8 |      20 |       7 |  25.9
        D:3 |     300 |      10 |   3.2 |      25 |       4 |  13.8
        D:4 |     366 |       0 |   0.0 |      19 |       0 |   0.0
        D:5 |     757 |     412 |  35.2 |      16 |       3 |  15.8
        D:6 |     615 |     148 |  19.4 |      20 |       3 |  13.0
        D:7 |     876 |     570 |  39.4 |      11 |       3 |  21.4
        D:8 |    1096 |    1034 |  48.5 |      24 |       9 |  27.3
        D:9 |     956 |       0 |   0.0 |       4 |       0 |   0.0
            +---------+---------+-------+---------+---------+-------

Skill      XL: |  1  2  3  4  5  6  7  8  9 10 |
---------------+-------------------------------+-----
Axes           | 3 4 5 6 7 8 10 11 | 11.0
Armour         | 4 5 6 7 8 |  8.3
Fighting       | 4 5 6 8 |  8.4
Shields        | 4 5 6 7 8 |  8.2
Throwing       | 1 2 3 4 5 6 |  6.0

Action                     |  1- 3 |  4- 6 |  7- 9 | 10-12 || total
---------------------------+-------+-------+-------+-------++-------
  Melee: War axe           |    54 |   110 |   258 |    78 ||   500
         Headbutt          |     6 |    19 |    44 |    15 ||    84
  Throw: Boomerang         |       |       |    13 |       ||    13
    Use: Scroll            |       |       |    16 |       ||    16
 Armour: Scale mail        |    31 |    58 |       |       ||    89
         Chain mail        |       |    28 |   254 |    55 ||   337
  Dodge: Dodged            |    24 |    63 |   122 |    34 ||   243
  Block: Buckler           |    14 |    18 |    62 |    16 ||   110

Illustrated notes

Table legend:
 A = Kills in this place as a percentage of kills in the entire game.
 B = Kills by you in this place as a percentage of kills by you in the entire game.
 C = Kills by friends in this place as a percentage of kills by friends in the entire game.
 D = Other kills in this place as a percentage of other kills in the entire game.
 E = Experience gained in this place as a percentage of experience gained in the entire game.
 F = Experience gained in this place divided by the number of levels of this place that you have seen.
                   A       B       C       D       E      F
               +-------+-------+-------+-------+-------+----------------------
         Total | 100.0 | 100.0 |   N/A |   N/A | 100.0 | 812.2
       Dungeon | 100.0 | 100.0 |   N/A |   N/A | 100.0 | 812.2
               +-------+-------+-------+-------+-------+----------------------

Table legend: (Time is in decaauts)
 A = Elapsed time spent in this place.
 B = Non-inter-level travel time spent in this place.
 C = Inter-level travel time spent in this place.
 D = Time resting spent in this place.
 E = Time spent auto-exploring this place.
 F = Levels seen in this place.
 G = Mean time per level.
                   A        B        C        D        E       F      G
               +--------+--------+--------+--------+--------+-----+--------+
         Total |   9938 |   9608 |    330 |    544 |   7659 |   9 | 1104.2 |
       Dungeon |   9938 |   9608 |    330 |    544 |   7659 |   9 | 1104.2 |
               +--------+--------+--------+--------+--------+-----+--------+

Top non-repeatable levels by time:
     D:7: 1983 daAuts
     D:5: 1564 daAuts
     D:8: 1415 daAuts
     D:3: 1188 daAuts
     D:4: 1153 daAuts
     D:1: 1037 daAuts
     D:2: 735 daAuts
     D:6: 635 daAuts
     D:9: 224 daAuts
